 Dungeon Crawl Stone Soup version 0.31-a0-960-g0fca184906 (webtiles) character file.

Game seed: 3741616179455093422

339 Dirtsage the Ruffian (level 6, -1/41 HPs)
             Began as an Octopode Shapeshifter on Oct 22, 2023.
             Slain by an orc wizard
             ... wielding a +0 dagger
              (4 damage)
             ... on level 4 of the Dungeon.
             The game lasted 00:03:10 (1962 turns).

Dirtsage the Ruffian (Octopode Shapeshifter)        Turns: 1962, Time: 00:03:10

Health: -1/41      AC:  1    Str: 14    XL:     6   Next: 55%
Magic:  6/6        EV: 13    Int: 12    God:
Gold:   104        SH:  0    Dex: 13    Spells: 5/5 levels left

rFire   . .          .
                       - Unarmed
rCold   . . .        (no shield)
rNeg    . . .        (helmet currently unavailable)
rPois   .            (no amulet)
rElec   .            h - ring of flight
rCorr   .            (no ring)
SInv    .            (no ring)
Will    .....        (no ring)
Stlth   ++           (no ring)
HPRegen 0.26/turn    (no ring)
MPRegen 0.10/turn    (no ring)
                     (no ring)

%: no passive effects
@: brilliant, beast-form, flying
A: beast (slay +2), almost no armour, amphibious, 8 rings, camouflage 1,
gelatinous body 1, (nimble swimmer 1), tentacles
a: Begin Untransformation


You were on level 4 of the Dungeon.
You were a hulking beast.
You visited 1 branch of the dungeon, and saw 5 of its levels.

You collected 104 gold pieces.

Inventory:

Magical Staves
 e - a staff of air
Jewellery
 h - a ring of flight (left tentacle)
Talismans
 b - a beast talisman
 c - a flux talisman
 s - a maw talisman
Wands
 p - a wand of paralysis (8)
Scrolls
 d - a scroll of brand weapon {unknown}
 f - 2 scrolls of immolation {unknown}
 i - a scroll of teleportation {unknown}
 j - 3 scrolls of identify {unknown}
 k - a scroll of poison {unknown}
 m - a scroll of blinking {unknown}
 n - a scroll of fear {unknown}
 o - a scroll of amnesia {unknown}
 q - a scroll of torment {unknown}
 r - a scroll of fog {unknown}
Potions
 a - 2 potions of lignification


   Skills:
 + Level 2.9 Fighting
 - Level 2.0 Dodging
 * Level 5.0 Unarmed Combat
 * Level 4.8 Shapeshifting


You had 5 spell levels left.
You didn't know any spells.
Your spell library contained the following spells:

 Spells                   Type           Power      Damage    Failure   Level
 Blink                    Tloc           0%         N/A       45%         2
 Lesser Beckoning         Tloc           0%         N/A       45%         2
 Momentum Strike          Conj/Tloc      0%         3d8       45%         2


Dungeon Overview and Level Annotations

Branches:
Dungeon (5/15)
 Temple: D:4-7

Altars:
The Shining One

Annotations:
D:2 1 runed translucent door, Crazy Yiuf


Innate Abilities, Weirdness & Mutations

You are a hulking beast.
Your limbs bulge with bestial killing power. (Slay +2)
You cannot wear most types of armour.
You are amphibious.
You can wear up to eight rings at the same time.
Your skin changes colour to match your surroundings (Stealth+).
Your rubbery body absorbs attacks. (AC +1, EV +1)
((You are camouflaged when in or above water. (Stealth+)))
You have tentacles for arms and can constrict up to eight enemies at once.


Message History

Something barely misses you.
You hear some strange, mumbled words.
You are confused.
You see here a +0 club.
You miss something. Something hits you.
* * * LOW HITPOINT WARNING * * *
You take 1 damage, and have 11/41 hp.
You barely miss something. Your squeeze misses something. Something hits you.
* * * LOW HITPOINT WARNING * * *
You take 4 damage, and have 7/41 hp.
You barely miss something. Something hits you.
* * * LOW HITPOINT WARNING * * *
You take 2 damage, and have 5/41 hp.
You completely miss something. Your squeeze misses something.
Something hits you.
* * * LOW HITPOINT WARNING * * *
You take 2 damage, and have 3/41 hp.
It was a potion of brilliance.
You feel clever all of a sudden. Something hits you.
* * * LOW HITPOINT WARNING * * *
You take 2 damage, and have 1/41 hp.
You feel much better.
You feel less confused. Something hits you.
You regained 17 hp, and now have 18/41 hp.
You tentacle-slap something. Something hits you.
You take 5 damage, and have 13/41 hp.
You tentacle-slap something. Something completely misses you.
You miss something. Something hits you.
* * * LOW HITPOINT WARNING * * *
You take 3 damage, and have 10/41 hp.
You tentacle-slap something. Your squeeze misses something.
You hear some strange, mumbled words.
A puff of flame appears from out of thin air!
The puff of flame hits you!
* * * LOW HITPOINT WARNING * * *
You take 7 damage, and have 3/41 hp.
You barely miss something. Something hits you.
You die...

#### ... #.## ...#
#..## ...# ##(.##
... #....#####.#
#..#h{.....#
#..#..#....#
#..##......#
########^.###.....#
#..>......# #..)..#
#...)..)..#
#...)...#
#.........#
#......##
#.[.......#
#.###..#
#.........)##.< !.#


There were no monsters in sight!

Vanquished Creatures
  Sigmund (D:2)
  A centaur (D:5)
  Robin (D:2)
  A gnoll (D:4)
  2 adders
  4 orcs
  A bat (D:3)
  4 endoplasms
  12 goblins
  9 hobgoblins
  5 quokkas
  4 ball pythons
  2 frilled lizards (D:1)
  2 kobolds
  10 rats
59 creatures vanquished.

Notes
Turn   | Place    | Note
-------+----------+-------------------------------------------
     0 | D:1      | Dirtsage the Octopode Shapeshifter began the quest for the
                  | Orb.
     0 | D:1      | Reached XP level 1. HP: 13/13 MP: 1/1
   111 | D:1      | Reached XP level 2. HP: 18/18 MP: 2/2
   890 | D:2      | Reached XP level 3. HP: 23/23 MP: 3/3
   923 | D:2      | Noticed Sigmund
   939 | D:2      | Killed Sigmund
   940 | D:2      | Reached skill level 4 in Unarmed Combat
   940 | D:2      | Reached XP level 4. HP: 4/30 MP: 4/4
   940 | D:2      | Reached XP level 5. HP: 5/35 MP: 5/5
  1328 | D:2      | Noticed Robin
  1351 | D:2      | Killed Robin
  1429 | D:2      | Found a runed translucent door.
  1430 | D:2      | Noticed Crazy Yiuf
  1471 | D:3      | Reached XP level 6. HP: 41/41 MP: 6/6
  1538 | D:3      | Identified the +1 pair of boots of Twilight {Str+2 SInv}
  1675 | D:3      | Found a faded altar of an unknown god.
  1823 | D:3      | You are sucked into a shaft and drop 2 floors!
  1823 | D:5      | Entered Level 5 of the Dungeon
  1851 | D:5      | Found a glowing golden altar of the Shining One.
  1887 | D:5      | Reached skill level 5 in Unarmed Combat
  1956 | D:4      | HP: 1/41 [something (3)]
  1962 | D:4      | Slain by an orc wizard

Illustrated notes

Levels and vault maps discovered:
D:1:      tarquinn_simple_flora_water_d, layout_loops_cross, serial_rivers,
          chequers_serial_rivers_marsh, chequers_serial_rivers_large_a,
          chequers_serial_rivers_micro_e, chequers_serial_rivers_micro_c,
          chequers_serial_rivers_micro_e, chequers_serial_rivers_micro_e
D:2:      layout_rooms, uniq_crazy_yiuf_cottage, uniq_sigmund, uniq_robin
D:3:      layout_loops_ring, shapermc_ecumenical_altar_pompeii,
          amcnicky_mini_rare_corridor_liquid
D:4:      layout_rooms, xom_teletrap_fun, mainiacjoe_overflow_alcove_2
D:5:      layout_layer_cave, mainiacjoe_overflow_24_doors,
          minmay_temple_entry_purple_smoke, chequers_serial_rivers_micro_d,
          chequers_serial_rivers_micro_a, chequers_serial_rivers_large_b,
          uniq_prince_ribbit1, uniq_ijyb

Skill      XL: |  1  2  3  4  5  6 |
---------------+-------------------+-----
Fighting       | 2 |  2.9
Unarmed Combat | 4 5 |  5.0
Shapeshifting  | 4 |  4.8
Dodging        | |  2.0

Action                     |  1- 3 |  4- 6 || total
---------------------------+-------+-------++-------
  Melee: Unarmed           |    44 |    63 ||   107
         Constrict         |    12 |    17 ||    29
         Tentacles         |     2 |    15 ||    17
         Punch             |       |     2 ||     2
    Use: Potion            |       |     3 ||     3
   Stab: Sleeping          |     1 |     3 ||     4
 Armour: Skin              |    15 |    40 ||    55
  Dodge: Dodged            |    18 |    37 ||    55

Table legend: (Time is in decaauts)
 A = Elapsed time spent in this place.
 B = Non-inter-level travel time spent in this place.
 C = Inter-level travel time spent in this place.
 D = Time resting spent in this place.
 E = Time spent auto-exploring this place.
 F = Levels seen in this place.
 G = Mean time per level.
                   A        B        C        D        E       F      G
               +--------+--------+--------+--------+--------+-----+--------+
         Total |   1951 |   1874 |     77 |      0 |   1535 |   5 |  390.2 |
       Dungeon |   1951 |   1874 |     77 |      0 |   1535 |   5 |  390.2 |
               +--------+--------+--------+--------+--------+-----+--------+

Top non-repeatable levels by time:
     D:1: 788 daAuts
     D:2: 667 daAuts
     D:3: 359 daAuts
     D:5: 88 daAuts
     D:4: 47 daAuts
